 Dungeon Crawl Stone Soup version 0.29-a0-542-g075992c915 (webtiles) character file.

Game seed: 706529770647470877

44 YayAnonymity the Shield-Bearer (level 3, -1/35 HPs)
             Began as a Gnoll Fighter on June 4, 2022.
             Slain by Sigmund
             ... wielding a +0 scythe
              (10 damage)
             ... on level 2 of the Dungeon.
             The game lasted 00:01:03 (1056 turns).

YayAnonymity the Shield-Bearer (Gnoll Fighter)      Turns: 1056, Time: 00:01:04

Health: -1/35      AC:  7    Str: 17    XL:     3   Next: 62%
Magic:  4/4        EV:  9    Int:  7    God:
Gold:   42         SH:  5    Dex: 11    Spells: 3/3 levels left

rFire   . . .      SeeInvis .   a - +0 trident
rCold   . . .      Faith    .   c - +0 buckler
rNeg    . . .      Spirit   .   b - +0 scale mail
rPois   .          Reflect  .   (no helmet)
rElec   .          Harm     .   (no cloak)
rCorr   .          Rampage  .   (no gloves)
Will    .....                   (no boots)
Stlth   ..........              (no amulet)
HPRegen 0.11/turn               (no ring)
MPRegen 0.09/turn               (no ring)

@: no status effects
A: fangs 1, strong nose, distributed training
a: no special abilities


You were on level 2 of the Dungeon.
You visited 1 branch of the dungeon, and saw 2 of its levels.

You collected 42 gold pieces.

Inventory:

Hand Weapons
 a - a +0 trident (weapon)
Missiles
 n - 2 poisoned darts (quivered)
Armour
 b - a +0 scale mail (worn)
 c - a +0 buckler (worn)
Scrolls
 e - a scroll of noise {unknown}
 f - a scroll of teleportation {unknown}
 h - a scroll of summoning {unknown}
 i - a scroll of identify {unknown}
 k - a scroll of vulnerability {unknown}
Potions
 d - a potion of might
 g - a potion of heal wounds {unknown}
 j - 2 potions of degeneration {unknown}
 l - a potion of resistance {unknown}
 m - a potion of attraction {unknown}


   Skills:
 + Level 6.5 Fighting
 + Level 0.9 Short Blades
 + Level 0.9 Long Blades
 + Level 0.9 Axes
 + Level 0.9 Maces & Flails
 + Level 4.5 Polearms
 + Level 0.9 Staves
 + Level 0.9 Slings
 + Level 0.9 Bows
 + Level 0.9 Crossbows
 + Level 0.9 Throwing
 + Level 6.5 Armour
 + Level 0.9 Dodging
 + Level 0.9 Stealth
 + Level 6.5 Shields
 + Level 0.9 Unarmed Combat
 + Level 0.9 Spellcasting
 + Level 0.6 Conjurations
 + Level 0.6 Hexes
 + Level 0.6 Summonings
 + Level 0.6 Necromancy
 + Level 0.6 Translocations
 + Level 0.6 Transmutations
 + Level 0.6 Fire Magic
 + Level 0.6 Ice Magic
 + Level 0.6 Air Magic
 + Level 0.6 Earth Magic
 + Level 0.6 Poison Magic
 + Level 1.0 Invocations
 + Level 0.9 Evocations


You had 3 spell levels left.
You didn't know any spells.
Your spell library contained the following spells:

 Spells                   Type           Power      Damage    Failure   Level
 Blink                    Tloc           2%         N/A       88%         2
 Lesser Beckoning         Tloc           1%         N/A       98%         3
 Manifold Assault         Tloc           1%         N/A       100%        5


Dungeon Overview and Level Annotations

Branches:
Dungeon (2/15)

Altars:

Annotations:
D:2 Sigmund


Innate Abilities, Weirdness & Mutations

You have very sharp teeth.
Your uncanny sense of smell can sniff out nearby items.
Your experience applies equally to all skills.


Message History

Reach: a) +0 trident
Press: ? - help, Dir - move target, f/p - Sigmund
Aim: Sigmund, wielding a +0 scythe and wearing a +0 robe (heavily wounded, about 43% to evade your +0 trident)
You reach to attack!
You hit Sigmund.
Sigmund is heavily wounded.
Sigmund gestures at you while chanting.
You are confused.
You're too confused to aim your attacks!
Unknown command.
Okay, then.
Found a quarterstaff and 11 gold pieces.
Sigmund laughs darkly.
Sigmund hits you with a +0 scythe.
You see here a scroll labelled QYRADI SEMNUOCK.
You closely miss Sigmund. You bite Sigmund.
Sigmund is heavily wounded.
Sigmund looks at you with fury. Sigmund hits you with a +0 scythe!
You hit Sigmund. Your bite misses Sigmund.
Sigmund is heavily wounded.
Sigmund barely misses you. Sigmund closely misses you.
You puncture Sigmund!
Sigmund is almost dead.
You hit Sigmund but do no damage.
Sigmund is almost dead.
You feel less confused.
Sigmund points at you and mumbles some strange words.
The puff of flame hits you.
* * * LOW HITPOINT WARNING * * *
Sigmund closely misses you.
You closely miss Sigmund.
Sigmund is almost dead.
You barely miss Sigmund. You bite Sigmund, but do no damage.
Sigmund is almost dead.
Sigmund hits you but does no damage.
You hit Sigmund.
Sigmund is almost dead.
Sigmund hits you with a +0 scythe!
You die...

#... #.#. #.. #.. #$.
... #...g. ... ..#
#..8g8 ..## #†#
#....... #.. #<##
#.....# #.# )#
##.#####.....###.##..#
##....##.8.##..@....#
##>#..#...#).?@..#.#
####........†#.###.#
.............#.# ...
####.........#.###.###
#......#........#
####...##########
#..[# #####


You could see Sigmund.

Vanquished Creatures
  A gnoll (D:1)
  An adder (D:2)
  3 bats (D:1)
  2 endoplasms (D:2)
  2 goblins
  5 hobgoblins
  4 jackals (D:1)
  A kobold (D:1)
  A ball python (D:2)
  2 frilled lizards (D:1)
22 creatures vanquished.

Notes
Turn   | Place    | Note
-------+----------+-------------------------------------------
     0 | D:1      | YayAnonymity the Gnoll Fighter began the quest for the Orb.
     0 | D:1      | Reached XP level 1. HP: 23/23 MP: 1/1
    83 | D:1      | Reached XP level 2. HP: 22/29 MP: 2/2
   693 | D:1      | Reached XP level 3. HP: 26/35 MP: 3/3
  1033 | D:2      | Noticed Sigmund
  1036 | D:2      | Reached skill level 1 in Invocations
  1056 | D:2      | Slain by Sigmund

Illustrated notes

Levels and vault maps discovered:
D:1:      ncdulo_wetmaze, layout_loops_ring, grunt_decor_mini_mirrors
D:2:      layout_loops_ring, hellmonk_ecumenical_altar_prayer_group,
          uniq_sigmund, uniq_jessica

Skill      XL: |  1  2  3 |
---------------+----------+-----
Invocations    | 1 |  1.0
Fighting       | |  6.5
Short Blades   | |  0.9
Long Blades    | |  0.9
Axes           | |  0.9
Maces & Flails | |  0.9
Polearms       | |  4.5
Staves         | |  0.9
Slings         | |  0.9
Bows           | |  0.9
Crossbows      | |  0.9
Throwing       | |  0.9
Armour         | |  6.5
Dodging        | |  0.9
Stealth        | |  0.9
Shields        | |  6.5
Unarmed Combat | |  0.9
Spellcasting   | |  0.9
Conjurations   | |  0.6
Hexes          | |  0.6
Summonings     | |  0.6
Necromancy     | |  0.6
Translocations | |  0.6
Transmutations | |  0.6
Fire Magic     | |  0.6
Ice Magic      | |  0.6
Air Magic      | |  0.6
Earth Magic    | |  0.6
Poison Magic   | |  0.6
Evocations     | |  0.9

Action                   || total
-------------------------++-------
Melee: Trident           ||    90
       Bite              ||     7
Armor: Scale mail        ||    27
Dodge: Dodged            ||    36
Block: Buckler           ||    16

Table legend: (Time is in decaauts)
 A = Elapsed time spent in this place.
 B = Non-inter-level travel time spent in this place.
 C = Inter-level travel time spent in this place.
 D = Time resting spent in this place.
 E = Time spent auto-exploring this place.
 F = Levels seen in this place.
 G = Mean time per level.
                   A        B        C        D        E       F      G
               +--------+--------+--------+--------+--------+-----+--------+
         Total |   1076 |   1054 |     22 |      0 |    892 |   2 |  538.0 |
       Dungeon |   1076 |   1054 |     22 |      0 |    892 |   2 |  538.0 |
               +--------+--------+--------+--------+--------+-----+--------+

Top non-repeatable levels by time:
     D:1: 1016 daAuts
     D:2: 60 daAuts
